 Dungeon Crawl Stone Soup version 0.28.0-45-g0d030f2227 (webtiles) character file.

Game seed: 13685375942082681574

359 Peloso the Shield-Bearer (level 6, -1/53 (56) HPs)
             Began as a Minotaur Fighter on Apr 4, 2022.
             Slain by Crazy Yiuf
             ... wielding a +3 quarterstaff of chaos
              (18 damage)
             ... on level 3 of the Dungeon.
             The game lasted 00:03:02 (2989 turns).

Peloso the Shield-Bearer (Minotaur Fighter)         Turns: 2989, Time: 00:03:03

HP:   -1/53 (56)    AC:  8    Str: 21    XL:     6   Next: 37%
MP:   5/5           EV:  9    Int:  5    God:
Gold: 187           SH:  5    Dex: 11    Spells: 5/5 levels left

rFire   . . .      SeeInvis .   a - +0 long sword
rCold   + . .      Faith    .   c - +0 buckler
rNeg    . . .      Spirit   .   b - +0 scale mail
rPois   .          Reflect  .   (helmet restricted)
rElec   .          Harm     .   (no cloak)
rCorr   .          Rampage  .   v - +0 pair of gloves
Will    .....                   (no boots)
Stlth   ..........              u - amulet of regeneration
HPRegen 0.97/turn               t - ring of protection from cold
MPRegen 0.09/turn               (no ring)

@: drained
A: horns 2, retaliatory headbutt
a: no special abilities


You were on level 3 of the Dungeon.
You visited 2 branches of the dungeon, and saw 5 of its levels.

You collected 187 gold pieces.

Inventory:

Hand Weapons
 a - a +0 long sword (weapon)
Armour
 b - a +0 scale mail (worn)
 c - a +0 buckler (worn)
 v - a +0 pair of gloves (worn)
Jewellery
 l - a ring of magical power
 t - a ring of protection from cold (left hand)
 u - an amulet of regeneration (around neck)
Wands
 q - a wand of mindburst (18)
 s - a wand of paralysis (12)
Scrolls
 e - a scroll of holy word {unknown}
 f - 3 scrolls of identify {unknown}
 h - 3 scrolls of fear {unknown}
 n - 2 scrolls of teleportation {unknown}
 o - a scroll of summoning {unknown}
 r - a scroll of brand weapon {unknown}
 w - a scroll of amnesia {unknown}
Potions
 d - 2 potions of might
 g - a potion of curing {unknown}
 i - 3 potions of lignification {unknown}
 j - a potion of brilliance {unknown}
 k - 2 potions of resistance {unknown}
 m - a potion of haste {unknown}
 p - a potion of attraction {unknown}


   Skills:
 + Level 5.2 Fighting
 + Level 4.7 Long Blades
 + Level 5.1 Armour
 + Level 0.6 Dodging
 + Level 0.2 Stealth
 + Level 5.3 Shields


You had 5 spell levels left.
You didn't know any spells.
Your spell library contained the following spells:

 Spells                   Type           Power      Damage    Failure   Level
 Beastly Appendage        Tmut           0%         N/A       87%         1
 Blink                    Tloc           0%         N/A       95%         2
 Ensorcelled Hibernation  Hex/Ice        0%         N/A       95%         2
 Passwall                 Tmut/Erth      0%         N/A       95%         2
 Wereblood                Tmut           0%         N/A       95%         2
 Lesser Beckoning         Tloc           0%         N/A       99%         3
 Spider Form              Tmut/Pois      0%         N/A       99%         3
 Swiftness                Air            0%         N/A       99%         3
 Manifold Assault         Tloc           0%         N/A       100%        5


Dungeon Overview and Level Annotations

Branches:
Dungeon (4/15)             Temple (1/1) D:4

Altars:
Ashenzari
Cheibriados
Dithmenos
Elyvilon
Fedhas
Gozag
Hepliaklqana
Qazlal
Ru
Sif Muna
Trog
Uskayaw
Vehumet
Wu Jian
Xom
Yredelemnul
Zin
The Shining One

Shops:
D:2 ?

Annotations:
D:3 Crazy Yiuf


Innate Abilities, Weirdness & Mutations

You have a pair of horns on your head.
You reflexively headbutt those who attack you in melee.


Message History

You see here a hobgoblin corpse.
w - a scroll labelled FEHUSA HANTA You see here a +0 spear.
You see here a +0 halberd.
You see here a +0 spear.
Found a ring mail.
n - 2 scrolls labelled YBOUTO EDAPA (gained 1)
Found a leather armour.
You see here a +0 leather armour.
Found a mace.
Found a runed translucent door.
You open the door. You closely miss Crazy Yiuf.
Crazy Yiuf hits you with a +3 quarterstaff of chaos!
Crazy Yiuf freezes you.
You barely miss Crazy Yiuf.
Crazy Yiuf hits you with a +3 quarterstaff of chaos.
Crazy Yiuf burns you.
You barely miss Crazy Yiuf.
Crazy Yiuf laughs, "Citrus testudinal noodlescoop!"
Crazy Yiuf hits you with a +3 quarterstaff of chaos!
You feel drained. You block Crazy Yiuf's attack.
You closely miss Crazy Yiuf.
Crazy Yiuf hits you with a +3 quarterstaff of chaos.
You feel drained.
You slash Crazy Yiuf!
Crazy Yiuf is heavily wounded.
You block Crazy Yiuf's attack.
You hit Crazy Yiuf.
Crazy Yiuf is severely wounded.
Crazy Yiuf laughs, "Ghoul!"
Crazy Yiuf hits you with a +3 quarterstaff of chaos.
You barely miss Crazy Yiuf.
Crazy Yiuf is severely wounded.
Crazy Yiuf twirls on the spot.
Crazy Yiuf barely misses you.
You closely miss Crazy Yiuf.
Crazy Yiuf is severely wounded.
Crazy Yiuf hits you with a +3 quarterstaff of chaos.
You are electrocuted!!
You die...

#.# #.#.#
#.####...
#.## #####
####.# #...
...###
#..(.# #...
.....# #####
###### #...
...#.# #..)#
#... #.##.#
#...# #...
#.##.# ###
... #...
#.##.# #.#
#g# #...
#.##.# #.#
♣♣@♣ .....
..##.# #.#
♣.♣♣ ######
####.# #.#
♣♣.♣ #.# #.#
♣.♣♣ #.# #.#
♣♣.♣♣
#.#####.#
♣...♣♣
####.....[.#
♣....♣
...#######.#
#+..+#
#...### #.#
#....#


You could see Crazy Yiuf.

Vanquished Creatures
  An ice beast (D:4)
  A water moccasin skeleton (D:4)
  A bullfrog zombie (D:4)
  A bullfrog skeleton (D:4)
  A hound skeleton (D:3)
  2 adders (D:3)
  7 gnolls
  4 worms
  A dart slug (D:3)
  3 ball pythons
  4 endoplasms (D:4)
  4 giant cockroaches
  7 goblins
  5 hobgoblins
  7 jackals
  3 bats
  A frilled lizard (D:3)
  2 kobolds
  2 rats (D:2)
57 creatures vanquished.

Notes
Turn   | Place    | Note
-------+----------+-------------------------------------------
     0 | D:1      | Peloso the Minotaur Fighter began the quest for the Orb.
     0 | D:1      | Reached XP level 1. HP: 19/19 MP: 0/0
   347 | D:1      | Found a faded altar of an unknown god.
   565 | D:2      | Reached XP level 2. HP: 24/27 MP: 1/1
   597 | D:2      | Found Vokkiles's Magic Scroll Shop.
   781 | D:2      | You fall into a shaft and drop 2 floors!
   817 | D:4      | Found a radiant altar of Vehumet.
   819 | D:4      | Found a shadowy altar of Dithmenos.
   841 | D:4      | Found a staircase to the Ecumenical Temple.
   863 | Temple   | Entered the Ecumenical Temple
   945 | D:4      | Noticed an ice beast
   958 | D:4      | Killed an ice beast
   959 | D:4      | Reached XP level 3. HP: 21/34 MP: 2/2
   959 | D:4      | Reached XP level 4. HP: 25/41 MP: 3/3
  1175 | D:4      | Reached XP level 5. HP: 36/47 MP: 4/4
  1643 | D:4      | Reached skill level 5 in Shields
  2134 | D:3      | Reached skill level 5 in Fighting
  2213 | D:3      | Reached XP level 6. HP: 54/56 MP: 5/5
  2302 | D:3      | Reached skill level 5 in Armour
  2977 | D:3      | Found a runed translucent door.
  2978 | D:3      | Noticed Crazy Yiuf
  2989 | D:3      | Slain by Crazy Yiuf

Illustrated notes

Levels and vault maps discovered:
D:1:      dpeg_arrival_tiny_c, layout_loops_ring,
          hellmonk_ecumenical_altar_lost_god
D:2:      layout_basic, serial_shops, nicolae_shop_statue_plus, basic_altar
D:3:      cheibrodos_old_hovel, layout_loops_ring, serial_park_tiny_1,
          kennysheep_generic_room_7, uniq_crazy_yiuf_cottage
D:4:      layout_basic, chequers_temple_overflow_statue_of_worship,
          minmay_temple_entry_junction
Temple:   nicolae_temple_x_marks_the_god

Skill      XL: |  1  2  3  4  5  6 |
---------------+-------------------+-----
Fighting       | 4 5 |  5.2
Shields        | 4 5 |  5.3
Long Blades    | 3 4 |  4.7
Armour         | 4 5 |  5.1
Dodging        | |  0.6
Stealth        | |  0.2

Action                   |  1- 3 |  4- 6 || total
-------------------------+-------+-------++-------
Melee: Long sword        |    42 |   114 ||   156
       Headbutt          |     8 |    21 ||    29
Armor: Scale mail        |    24 |    52 ||    76
Dodge: Dodged            |    26 |    40 ||    66
Block: Buckler           |    15 |    33 ||    48
